Map: Blackrock LE

Players

Serral - Winner!

  • Race: Zerg Zerg
  • League: Master

Reynor

  • Race: Zerg Zerg
  • League: Master

VOD

Have the link to the VOD?

Description

Time

  • Played on: July 5, 2026, 2:27 p.m.
  • Length: 8:01
Show
View Real Time Build Order
Export as new Build Order

Serral Zerg - Winner!

Build Orders: Pool First 

Get SALT Encoding   

  8  0:00  Drone  
  9  0:11  Drone  
  10  0:16  Drone  
  11  0:27  Overlord  
  11  0:32  Drone  
  12  0:45  Drone x2  
  14  0:51  Drone  
  15  1:01  Drone  
  16  1:06  Spawning Pool  
  16  1:11  Drone  
  16  1:21  Drone  
  17  1:36  Hatchery  
  17  1:37  Drone  
  17  1:40  Extractor  
  17  1:42  Drone  
  18  1:54  Extractor, Zergling x2  
  18  1:57  Queen  
  20  2:02  Extractor, Zergling x2  
  21  2:12  Overlord  
  20  2:27  Drone  
  20  2:38  Queen  
  20  2:43  Zergling x2  
  23  2:47  Drone  
  24  2:54  Drone x2  
  24  2:55  Extractor  
  25  3:04  Drone x2  
  25  3:05  Drone  
  27  3:09  Overlord  
  27  3:15  Drone  
  27  3:17  Drone  
  27  3:19  Drone  
  30  3:22  Drone  
  31  3:27  Drone  
  31  3:29  Drone  
  31  3:33  Drone  
  34  3:37  Overlord  
  34  3:45  Drone  
  34  3:48  Drone x4  
  39  3:53  Drone  
  40  3:56  Overlord  
  40  3:57  Drone x2  
  40  4:00  Metabolic Boost  
  41  4:14  Hatchery  
  41  4:16  Drone  
  41  4:17  Evolution Chamber, Drone  
  40  4:20  Extractor  
  40  4:21  Drone  
  40  4:22  Drone  
  42  4:26  Drone  
  42  4:27  Zergling x2  
  42  4:28  Zergling x2  
  45  4:31  Overlord  
  45  4:32  Zergling x2  
  46  4:38  Roach Warren  
  46  4:40  Zergling x2  
  46  4:43  Zerg Ground Armor Level 1  
  46  4:47  Extractor  
  46  4:48  Zergling x6  
  48  4:54  Zergling x6  
  48  4:58  Overlord  
  51  5:02  Queen  
  53  5:08  Zergling x2  
  53  5:09  Zergling x6  
  57  5:18  Overlord  
  57  5:19  Roach x2  
  57  5:21  Roach  
  63  5:24  Roach  
  63  5:26  Roach  
  67  5:35  Roach x3  
  73  5:40  Roach x2  
  76  5:45  Roach  
  74  5:52  Overlord  
  74  5:53  Roach x2  
  78  5:58  Roach x2  
  78  6:00  Ravager x2  
  84  6:06  Overlord  
  84  6:13  Zergling x10  
  84  6:15  Ravager x2  
  91  6:22  Zergling x2  
  91  6:25  Overlord  
  92  6:27  Zergling x6  
  94  6:34  Zergling x8  
  94  6:38  Zergling x2  
  99  6:48  Zergling x12  
  105  6:54  Zergling x4  
  105  7:10  Zergling x6  
  105  7:13  Zergling x10  
  106  7:19  Zergling x10  
  106  7:25  Ravager x2  
  106  7:30  Zergling x4  
  106  7:37  Zergling x2  
Show
View Real Time Build Order
Export as new Build Order

Reynor Zerg 

Build Orders: Pool First 

Get SALT Encoding   

  8  0:00  Drone  
  9  0:11  Drone  
  10  0:32  Spawning Pool  
  9  0:38  Drone  
  10  0:43  Drone  
  10  0:49  Drone  
  12  1:00  Overlord  
  12  1:19  Zergling x6  
  15  1:29  Zergling x2  
  16  1:39  Zergling x2  
  17  1:49  Zergling x2  
  17  1:52  Hatchery  
  17  2:07  Queen  
  19  2:12  Drone  
  20  2:19  Overlord  
  18  2:26  Drone  
  17  2:31  Drone  
  18  2:37  Extractor  
  18  2:39  Drone  
  18  2:50  Queen  
  20  2:54  Drone  
  22  2:58  Drone  
  22  3:05  Drone  
  23  3:09  Drone  
  24  3:16  Zergling x2  
  24  3:18  Drone x3  
  27  3:22  Drone  
  27  3:26  Overlord  
  28  3:31  Drone  
  29  3:37  Drone  
  30  3:42  Drone  
  30  3:45  Drone  
  32  3:48  Drone x2  
  32  3:49  Drone  
  32  3:52  Overlord  
  35  3:56  Drone  
  35  4:01  Drone x3  
  39  4:09  Overlord  
  39  4:10  Extractor  
  39  4:16  Hatchery  
  37  4:18  Drone  
  37  4:19  Drone  
  37  4:20  Drone  
  40  4:25  Drone x2  
  40  4:26  Drone  
  40  4:29  Drone x2  
  45  4:33  Extractor  
  45  4:35  Overlord  
  45  4:37  Drone  
  45  4:41  Queen  
  45  4:45  Drone  
  48  4:52  Evolution Chamber  
  48  4:54  Zergling x8  
  48  4:58  Zergling x6  
  54  5:02  Drone  
  54  5:04  Overlord  
  55  5:07  Metabolic Boost  
  55  5:11  Zergling x2  
  55  5:12  Evolution Chamber  
  55  5:13  Zergling x2  
  56  5:17  Zergling x2  
  56  5:20  Zergling x6  
  60  5:24  Roach Warren  
  59  5:28  Zergling x2  
  59  5:29  Zergling x4, Evolution Chamber  
  59  5:33  Zergling x4  
  61  5:37  Zergling x2  
  61  5:40  Zergling x2  
  61  5:41  Zergling x2  
  62  5:45  Zergling x2  
  62  5:48  Zergling x4  
  61  5:50  Zerg Ground Armor Level 1  
  61  5:53  Zergling x2  
  62  5:58  Zergling x8  
  62  5:59  Zergling x2  
  67  6:07  Zergling x6  
  70  6:12  Overlord  
  70  6:13  Zergling x4  
  72  6:19  Zergling x6  
  75  6:27  Spine Crawler  
  75  6:28  Roach  
  75  6:31  Spine Crawler  
  75  6:33  Roach x2  
  75  6:38  Roach, Overlord  
  81  6:41  Roach  
  83  6:47  Roach, Zergling x2  
  83  6:49  Overlord  
  83  6:53  Overlord  
  82  6:56  Overlord  
  82  6:59  Ravager x2  
  82  7:00  Zergling x4  
  83  7:04  Ravager  
  83  7:06  Roach, Zergling x2  
  86  7:10  Zergling x8  
  83  7:19  Zergling x2, Roach  
  75  7:24  Roach x2, Zergling x4  
  79  7:37  Zergling x8  
Tags
 
Add a new tag
Caveats
  • Supply blocks, unpowered buildings, or Contaminate may cause inaccurate times.
  • Supply counts are checked every 10 seconds.